 Dungeon Crawl Stone Soup version 0.19-a0-386-gde47aeb (webtiles) character file.

10689 Delvonshi the Merchant of Misery (level 11, -1/89 HPs)
             Began as a Demonspawn Necromancer on May 30, 2016.
             Was a Believer of Kikubaaqudgha.
             Slain by a spiny frog (16 damage)
             ... on level 2 of the Lair of Beasts.
             The game lasted 01:04:59 (15993 turns).

Delvonshi the Merchant of Misery (DsNe)            Turns: 15993, Time: 01:05:00

Health: -1/89      AC: 18    Str: 11    XL:     11   Next: 39%
Magic:  0/32       EV: 12    Int: 19    God:    Kikubaaqudgha [**....]
Gold:   650        SH:  3    Dex: 14    Spells: 5 memorised, 15 levels left

rFire  . . .     SeeInvis .     y - +1 flail "Baryuz" {crush, +Inv rC+ rN+ Str+2}
rCold  + . .     Gourm    .     e - +3 leather armour
rNeg   + . .     Faith    .     (no shield)
rPois  .         Spirit   +     r - +0 helmet
rElec  .         Dismiss  +     F - +2 cloak
rCorr  .         Reflect  .     t - +0 pair of gloves
SustAt .         Harm     .     n - +0 pair of boots
MR     .....                    J - amulet of dismissal
Stlth  ++........               S - ring of magical power
                                Z - +3 ring of protection

@: not resistant to hostile enchantments, unstealthy
A: large bone plates 2, powered by pain 2, magic shield
a: Receive Corpses, Renounce Religion, Evoke Invisibility


You were on level 2 of the Lair of Beasts.
You worshipped Kikubaaqudgha.
Kikubaaqudgha was pleased with you.
You were not hungry.

You visited 3 branches of the dungeon, and saw 13 of its levels.
You also visited: Ossuary.

You collected 790 gold pieces.
You spent 140 gold pieces at shops.

Inventory:

Hand Weapons
 o - a +1 hand axe of venom
 y - the +1 flail "Baryuz" (weapon) {crush, +Inv rC+ rN+ Str+2}
   (You found it on level 9 of the Dungeon)

   It inflicts extra damage upon your enemies.
   It affects your strength (+2).
   It protects you from cold.
   It protects you from negative energy.
   It lets you turn invisible.
Missiles
 f - 3 silver tomahawks (quivered)
Armour
 e - a +3 leather armour (worn)
 n - a +0 pair of boots (worn)
 r - a +0 helmet (worn)
 t - a +0 pair of gloves (worn)
 F - a +2 cloak (worn)
Magical Staves
 E - an uncursed staff of wizardry
Jewellery
 z - an uncursed ring of see invisible
 J - an amulet of dismissal (around neck)
 S - a ring of magical power (right hand)
 Z - a +3 ring of protection (left hand)
Wands
 s - a wand of flame (13/48)
 R - a wand of disintegration (5/24)
 U - a wand of digging (15/24)
 X - a wand of slowing (22/48)
Scrolls
 g - 7 scrolls of remove curse
 j - 8 scrolls of identify
 v - a scroll of amnesia {unknown}
 w - a scroll of blinking {unknown}
 A - a scroll of fog {unknown}
 C - a scroll of silence {unknown}
 H - 2 scrolls of noise {unknown}
 O - a scroll of enchant armour {unknown}
 P - 3 scrolls of immolation
 Q - a scroll of random uselessness {unknown}
 W - a scroll of enchant weapon {unknown}
 Y - a scroll of recharging {unknown}
Potions
 a - a potion of mutation {unknown}
 d - 3 potions of haste
 h - 2 potions of invisibility
 i - 2 potions of agility
 k - a potion of curing
 l - 3 potions of brilliance
 p - a potion of resistance {unknown}
 u - 2 potions of heal wounds {unknown}
 D - a potion of magic {unknown}
 I - 2 potions of might {unknown}
 K - 3 potions of ambrosia
 L - a potion of flight {unknown}
 M - 2 potions of cure mutation {unknown}
 N - a potion of berserk rage {unknown}
Books
 b - a book of Necromancy

   Spells                             Type                      Level
   a - Pain                           Necromancy                   1
   b - Animate Skeleton               Necromancy                   1
   c - Vampiric Draining              Necromancy                   3
   d - Regeneration                   Charms/Necromancy            3
   e - Animate Dead                   Necromancy                   4
   f - Control Undead                 Necromancy                   4
 x - a book of Alchemy

   Spells                             Type                      Level
   a - Sublimation of Blood           Necromancy                   2
   b - Ignite Poison                  Fire/Transmutation/Poison    3
   c - Petrify                        Transmutation/Earth          4
   d - Alistair's Intoxication        Transmutation/Poison         5
   e - Irradiate                      Conjuration/Transmutation    5
 B - Kikubaaqudgha's Disquisition on Unholy Magic
   (Kikubaaqudgha gifted it to you on level 2 of the Lair of Beasts)

   Spells                             Type                      Level
   a - Excruciating Wounds            Charms/Necromancy            5
   b - Bolt of Draining               Conjuration/Necromancy       5
   c - Cigotuvi's Embrace             Necromancy                   5
   d - Dispel Undead                  Necromancy                   5
   e - Death Channel                  Necromancy                   6
 G - a book of Annihilations

   Spells                             Type                      Level
   a - Poison Arrow                   Conjuration/Poison           6
   b - Chain Lightning                Conjuration/Air              8
   c - Lehudib's Crystal Spear        Conjuration/Earth            8
   d - Glaciate                       Conjuration/Ice              9
   e - Fire Storm                     Conjuration/Fire             9
 T - Kikubaaqudgha's Volume of Evil Rites
   (Kikubaaqudgha gifted it to you on level 7 of the Dungeon)

   Spells                             Type                      Level
   a - Pain                           Necromancy                   1
   b - Corpse Rot                     Necromancy                   2
   c - Sublimation of Blood           Necromancy                   2
   d - Regeneration                   Charms/Necromancy            3
   e - Control Undead                 Necromancy                   4
Comestibles
 c - 3 bread rations
 m - a beef jerky
 q - 2 fruits
 V - 3 meat rations


   Skills:
 - Level 9.0 Fighting
 + Level 8.0 Maces & Flails
 - Level 1.7 Dodging
 - Level 1.7 Stealth
 - Level 8.0 Spellcasting
 - Level 11.1 Necromancy
 + Level 3.2 Evocations


You had 15 spell levels left.
You knew the following spells:

 Your Spells              Type           Power        Failure   Level  Hunger
a - Pain                  Necr           ####         1%          1    None
b - Animate Skeleton      Necr           N/A          1%          1    None
c - Vampiric Draining     Necr           ######....   1%          3    None
d - Animate Dead          Necr           N/A          1%          4    ###....
e - Sublimation of Blood  Necr           ######....   1%          2    None


Dungeon Overview and Level Annotations

Branches:
Dungeon (10/15)            Temple (1/1) D:4            Lair (2/8) D:10
    Orc: D:9-12

Altars:
Ashenzari
Dithmenos
Elyvilon
Fedhas
Gozag
Hepliaklqana
Kikubaaqudgha
Makhleb
Nemelex Xobeh
Pakellas
Qazlal
Ru
Sif Muna
Vehumet
Xom
Yredelemnul
Zin
The Shining One

Shops:
D:6 *}   D:7 }


Innate Abilities, Weirdness & Mutations

You are mostly covered in large bone plates. (AC +3, SH +3)
You sometimes gain power by taking damage.
When hurt, damage is shared between your health and your magic reserves.


Message History

Aiming: Pain
Press: ? - help, Shift-Dir - straight line, f/p - spiny frog
Aim: a spiny frog (severely wounded, chance to defeat MR: 84%)
The spiny frog convulses in agony!
The river rat barely misses you. The spiny frog closely misses you.
Casting: Pain
Confirm with . or Enter, or press ? or * to list all spells.
Aiming: Pain
Press: ? - help, Shift-Dir - straight line, f/p - spiny frog
Aim: a spiny frog (almost dead, chance to defeat MR: 84%)
The spiny frog convulses in agony!
The spiny frog stings you but does no damage.
You block the river rat's attack. The komodo dragon bites you.
* * * LOW HITPOINT WARNING * * *
Your amulet of dismissal vibrates suddenly!
The komodo dragon disappears!
The spiny frog stings you!
You die...
Kikubaaqudgha rasps: "You have failed me!
Welcome... death!"

##.......#.............
#..#P.....#.##...........
.........##.....#........
..P.#.......<..........
#|..##................P
......................P.
...........#.<......>..
..........##......P.P..
....#.#........@..###.
....###.....#...F### ...
#..##.......r.# ..
......##......#.#
#............##r†..#
........#........#..#
.....>.###............ ..
.....#..#. .♣...
......... .... <.


You could see a spiny frog and 2 river rats.

Vanquished Creatures
  Pikel (D:5)
  A spiny frog (Lair:1)
  A komodo dragon (Lair:2)
  A queen bee (Lair:2)
  Grinder (D:4)
  18 yaks
  A wyvern (D:9)
  Sigmund (D:2)
  Grum (Lair:1)
  A hippogriff (D:9)
  3 water moccasins
  5 porcupines
  Duvessa (D:5)
  5 ice beasts
  2 slaves
  2 orc warriors
  A wasp (D:10)
  A phantom (D:8)
  3 ogres
  3 wolves (Lair:1)
  3 centaurs (D:9)
  2 crocodiles (Lair:1)
  A big kobold (D:9)
  12 giant frogs
  A gnoll sergeant (D:10)
  Dowan (D:5)
  4 scorpions
  A water moccasin skeleton (D:6)
  2 jellies
  14 killer bees
  An electric eel (D:9)
  A howler monkey (D:5)
  4 crimson imps
  A quasit (D:8)
  A giant frog skeleton (D:6)
  A hound (D:9)
  3 orc priests (D:5)
  4 iguanas
  Jessica (D:2)
  8 orc wizards
  5 worker ants
  A sheep (D:10)
  A hound skeleton (D:7)
  2 mummies
  A howler monkey zombie (D:7)
  A gnoll (D:10)
  11 adders
  2 shadow imps
  2 oozes
  2 adder skeletons
  6 worms
  4 dart slugs
  5 giant geckos
  24 orcs
  A ball python (D:4)
  6 bats
  8 giant cockroaches
  2 hobgoblins (D:1)
  7 jackals
  6 kobolds
  3 quokkas
  2 giant newts
  8 goblins
  A quokka skeleton (D:9)
  3 rats
233 creatures vanquished.

Vanquished Creatures (collateral kills)
  The ghost of pestonoire the Shield-Bearer, a novice OpFi of Dithmenos (D:4)
  A hungry ghost (D:8)
  A hippogriff (D:9)
  Purgy (D:4)
  The ghost of Captainblowjob the Sneak, an amateur GrEn of Dithmenos (D:3)
  2 killer bees (Lair:2)
  A giant frog skeleton (D:9)
  A worker ant (D:9)
  A hound skeleton (D:6)
  A worker ant zombie (D:6)
  A shadow imp (D:8)
  2 orcs
  A bat (D:4)
15 creatures vanquished.

Vanquished Creatures (others)
  A bush (Lair:1)
  7 fungi
  2 plants (Lair:1)
10 creatures vanquished.

Grand Total: 258 creatures vanquished

Notes
Turn   | Place    | Note
--------------------------------------------------------------
     0 | D:1      | Delvonshi the Demonspawn Necromancer began the quest for the Orb.
     0 | D:1      | Reached XP level 1. HP: 13/13 MP: 3/3
   260 | D:1      | Gained mutation: You are partially covered in large bone plates. (AC +2, SH +2) [demonic ancestry]
   260 | D:1      | Reached XP level 2. HP: 12/19 MP: 3/5
  1026 | D:2      | Reached skill level 5 in Necromancy
  1026 | D:2      | Gained mutation: When hurt, damage is shared between your health and your magic reserves. [demonic ancestry]
  1026 | D:2      | Reached XP level 3. HP: 21/24 MP: 2/7
  1302 | D:2      | Noticed Sigmund
  1965 | D:1      | Learned a level 1 spell: Animate Skeleton
  1969 | D:1      | Learned a level 3 spell: Vampiric Draining
  2232 | D:2      | Killed Sigmund
  2232 | D:2      | Reached skill level 6 in Necromancy
  2232 | D:2      | Reached XP level 4. HP: 10/30 MP: 0/10
  2232 | D:2      | Gained mutation: You are mostly covered in large bone plates. (AC +3, SH +3) [demonic ancestry]
  2232 | D:2      | Reached XP level 5. HP: 12/35 MP: 0/11
  2532 | D:2      | Found an oddly glowing altar of Pakellas.
  2589 | D:2      | Noticed Jessica
  2596 | D:2      | Killed Jessica
  2991 | D:3      | Reached XP level 6. HP: 27/41 MP: 1/12
  3163 | D:3      | Noticed Captainblowjob's ghost (amateur GrEn)
  3387 | D:4      | Found a hazy altar of Hepliaklqana.
  3476 | D:4      | Found a staircase to the Ecumenical Temple.
  3496 | D:4      | Noticed pestonoire's ghost (novice OpFi)
  3637 | D:4      | Noticed Purgy
  3639 | D:4      | Noticed Grinder
  3721 | D:4      | Paralysed by Grinder for 3 turns
  3727 | D:4      | Paralysed by Grinder for 7 turns
  3742 | D:4      | Found a blossoming altar of Fedhas.
  3746 | D:4      | Found an ancient bone altar of Kikubaaqudgha.
  3971 | D:4      | Paralysed by Grinder for 2 turns
  4010 | D:3      | Noticed an ice beast
  4021 | D:3      | Killed an ice beast
  4021 | D:3      | Reached skill level 5 in Spellcasting
  4021 | D:3      | Reached skill level 7 in Necromancy
  4431 | D:3      | Killed Captainblowjob's ghost
  4431 | D:3      | Reached XP level 7. HP: 14/46 MP: 8/14
  4919 | D:4      | Reached skill level 1 in Fighting
  5160 | D:4      | Paralysed by Grinder for 2 turns
  5162 | D:4      | Killed pestonoire's ghost
  5174 | D:4      | Paralysed by Grinder for 3 turns
  5180 | D:4      | Killed Grinder
  5831 | D:5      | Entered Level 5 of the Dungeon
  6061 | D:5      | Noticed Dowan
  6062 | D:5      | Noticed Duvessa
  6068 | D:5      | Killed Duvessa
  6068 | D:5      | Reached skill level 8 in Necromancy
  6068 | D:5      | Reached XP level 8. HP: 50/61 MP: 8/15
  6074 | D:5      | Killed Dowan
  6180 | D:5      | Reached skill level 5 in Fighting
  6446 | D:5      | Noticed Pikel
  6580 | D:4      | Killed Purgy
  6593 | D:4      | Learned a level 4 spell: Animate Dead
  6670 | D:5      | Killed Pikel
  6900 | D:5      | Found a shattered altar of Ashenzari.
  6917 | D:5      | Reached skill level 9 in Necromancy
  7079 | D:5      | Gained mutation: You sometimes gain a little power by taking damage. [demonic ancestry]
  7079 | D:5      | Reached XP level 9. HP: 50/72 MP: 5/16
  7156 | D:5      | Found a shadowy altar of Dithmenos.
  7487 | Temple   | Entered the Ecumenical Temple
  7535 | D:4      | Became a worshipper of Kikubaaqudgha
  7738 | D:6      | Found a deep blue altar of Sif Muna.
  7818 | D:6      | Found Jiskaoco's Gadget Boutique.
  7872 | D:6      | Found a sand-covered staircase.
  7880 | Ossuary  | Entered an ossuary
  8300 | D:6      | Found Egunyghe's Assorted Antiques.
  8518 | D:6      | Bought a blackened emerald ring for 140 gold pieces
  8776 | D:6      | Learned a level 2 spell: Sublimation of Blood
  9371 | D:7      | Found a sparkling altar of Nemelex Xobeh.
  9371 | D:7      | Found an opulent altar of Gozag.
  9492 | D:7      | Found Cuatong's Gadget Shoppe.
  9603 | D:7      | Reached * piety under Kikubaaqudgha
  9603 | D:7      | Received a gift from Kikubaaqudgha
  9606 | D:7      | Identified Kikubaaqudgha's Volume of Evil Rites (Kikubaaqudgha gifted it to you on level 7 of the Dungeon)
  9838 | D:8      | Found a stormy altar of Qazlal.
  9862 | D:8      | Reached skill level 1 in Maces & Flails
 10069 | D:8      | Reached skill level 10 in Necromancy
 10074 | D:8      | Found a basalt altar of Yredelemnul.
 10179 | D:8      | Found a burning altar of Makhleb.
 10179 | D:8      | Found a shimmering altar of Xom.
 10279 | D:8      | Found a radiant altar of Vehumet.
 10584 | D:8      | Noticed a hill giant
 11047 | D:9      | Gained mutation: You sometimes gain power by taking damage. [demonic ancestry]
 11047 | D:9      | Reached XP level 10. HP: 32/83 MP: 2/17
 11282 | D:9      | Reached skill level 11 in Necromancy
 11641 | D:9      | Noticed a sphinx
 11671 | D:9      | Reached ** piety under Kikubaaqudgha
 12135 | D:9      | Got a polished flail
 12136 | D:9      | Identified the cursed +1 flail "Baryuz" {crush, +Inv rC+ rN+ Str+2} (You found it on level 9 of the Dungeon)
 12211 | D:9      | Reached skill level 5 in Maces & Flails
 12400 | D:9      | Paralysed by a sphinx for 3 turns
 12428 | D:9      | Paralysed by a sphinx for 7 turns
 12619 | D:9      | Found a white marble altar of Elyvilon.
 12619 | D:9      | Found a glowing silver altar of Zin.
 12619 | D:9      | Found a glowing golden altar of the Shining One.
 12677 | D:10     | Entered Level 10 of the Dungeon
 12896 | D:10     | Noticed a cyclops
 13317 | D:10     | Found a staircase to the Lair.
 13395 | Lair:1   | Entered Level 1 of the Lair of Beasts
 13696 | Lair:1   | Noticed Grum
 13720 | Lair:1   | Killed Grum
 13732 | Lair:1   | Reached XP level 11. HP: 61/89 MP: 10/22
 13925 | Lair:1   | Noticed an eight-headed hydra
 14845 | Lair:2   | Reached skill level 1 in Evocations
 14875 | Lair:2   | Noticed a five-headed hydra
 15189 | Lair:2   | Reached *** piety under Kikubaaqudgha
 15189 | Lair:2   | Received a gift from Kikubaaqudgha
 15194 | Lair:2   | Identified Kikubaaqudgha's Disquisition on Unholy Magic (Kikubaaqudgha gifted it to you on level 2 of the Lair of Beasts)
 15993 | Lair:2   | Slain by a spiny frog

Vault maps used:
D:1:      dpeg_arrival_tiny_a
D:2:      grunt_pakellas_basics, kennysheep_boxes, uniq_jessica, uniq_sigmund
D:3:      kennysheep_generic_room_12
D:4:      grunt_temple_overflow_growth_and_decay, overflow_temple_1_default,
          minmay_temple_entry_glassed_door, portal_sewer_entry_f, uniq_purgy,
          uniq_grinder
D:5:      nicolae_dithmenos_shadow_blocks, ashenzari_altar_1, first_bread,
          uniq_duvessa, uniq_pikel
D:6:      led_sif_book, lightli_ossuary_entry_decrepit_ruins, serial_shops,
          shop, shop
D:7:      grunt_temple_overflow_opulence, serial_shops, shop
D:8:      grunt_temple_overflow_champion_of_chaos, lemuel_round_altar,
          nicolae_overflow_hidden_temple, basic_altar
D:9:      wad_statue_garden, good_gods_mini_temple
D:10:     lair_0_dummy, uniq_gastronok
Temple:   nicolae_temple_hex_pool
Lair:1:   uniq_grum
Lair:2:   special_room, grunt_megastairs_2, serial_bayou_shore_b,
          serial_bayou_shore_b
Ossuary:  ossuary_minmay_four_chambers

Skill      XL: |  1  2  3  4  5  6  7  8  9 10 11 |
---------------+----------------------------------+-----
Necromancy     | 5 6 7 8 9 10 11 | 11.1
Spellcasting   | 4 5 7 8 |  8.0
Fighting       | 4 7 9 |  9.0
Maces & Flails | 3 6 8 |  8.0
Evocations     | 3 |  3.2
Dodging        | |  1.7
Stealth        | |  1.7

Action                   |  1- 3 |  4- 6 |  7- 9 | 10-12 || total
-------------------------+-------+-------+-------+-------++-------
Melee: Unarmed           |    30 |       |       |       ||    30
       Hand axe          |       |    42 |   314 |    34 ||   390
       Mace              |       |       |     7 |    21 ||    28
       Flail             |       |       |       |   288 ||   288
 Cast: Pain              |    63 |    71 |   164 |   118 ||   416
       Vampiric Draining |     3 |     3 |    21 |    58 ||    85
       Animate Skeleton  |       |    12 |    10 |     2 ||    24
       Animate Dead      |       |       |    10 |    15 ||    25
       Sublimation of Bl |       |       |       |     1 ||     1
Evoke: Wand              |       |       |       |     2 ||     2
  Use: Scroll            |       |     4 |       |     8 ||    12
       Potion            |       |       |     1 |     2 ||     3
 Stab: Sleeping          |     1 |     1 |    13 |     2 ||    17
       Distracted        |       |       |     2 |     2 ||     4
  Eat: Chunk             |     4 |     7 |    21 |    12 ||    44
       Beef jerky        |       |       |     2 |       ||     2
       Fruit             |       |       |       |     5 ||     5
       Bread ration      |       |       |       |     1 ||     1
Armor: Robe              |    13 |    30 |       |       ||    43
       Leather armour    |       |       |   228 |   261 ||   489
Dodge: Dodged            |    24 |    47 |   246 |   386 ||   703
Block: Other             |     1 |    14 |    62 |    74 ||   151
